 Dungeon Crawl Stone Soup version 0.32-a0-996-gb3226c233f (webtiles) character file.

Game seed: 16414709853261926134

411899 Vbesf the Wrestler (level 22, -27/243 (271) HPs)
             Began as a Gnoll Cinder Acolyte on Apr 22, 2024.
             Was the Champion of Jiyva.
             Killed from afar by a Tzitzimitl (40 damage)
             ... with a bolt of negative energy
             ... called by a doom hound
             ... on level 4 of the Depths on Apr 23, 2024.
             The game lasted 02:38:25 (45193 turns).

Vbesf the Wrestler (Gnoll Cinder Acolyte)          Turns: 45193, Time: 02:38:26

HP:   -27/243 (271) AC: 34    Str: 21    XL:     22   Next: 97%
MP:   42/42         EV: 17    Int: 15    God:    Jiyva [******]
Gold: 3455          SH:  7    Dex:  9    Spells: 53/53 levels left

rFire   + + +        X - +7 sceptre of Torment {pain, torment}
rCold   + + .        D - +0 buckler {rPois}
rNeg    . . .        g - +8 chain mail "Xaef Tuch" {rF++ Dex-3}
rPois   +            (helmet restricted)
rElec   +            z - scarf {rC+ rF+}
rCorr   +            U - +1 pair of gloves {Stlth+}
SInv    +            (no boots)
Will    +....        v - amulet of regeneration Stlth
                     q - +4 ring of protection
HPRegen 3.00/turn    Y - +5 ring of evasion
MPRegen 1.08/turn

%: clarity
@: berserking, resistant, studying Unarmed Combat, heavily drained, very quick
A: fangs 1, strong nose, distributed training, antennae 1, iridescent scales 3,
agile 1, clarity, fire resistance 2, mutation resistance 1, wild magic 1, acidic
bite, eyeballs 3, jelly sensing items
}: 3/15 runes: barnacled, slimy, gossamer
a: Renounce Religion, Oozemancy, Slimify


You were on level 4 of the Depths.
You worshipped Jiyva.
Jiyva was exalted by your worship.
You visited 10 branches of the dungeon, and saw 45 of its levels.
You also visited: Bailey.

You collected 3491 gold pieces.
You spent 36 gold pieces at shops.

Inventory:

Hand Weapons
 a - a +2 orcbow of electrocution
 f - a +2 demon whip of electrocution
 r - the +5 orcbow of Assuhy {flame, rPois rC- SInv Stlth+}
   (You found it on level 5 of the Pits of Slime)

   rC-:       It makes you vulnerable to cold.
   rPois:     It protects you from poison.
   SInv:      It lets you see invisible.
   Stlth+:    It makes you more stealthy.
 H - the +9 whip of the Supporting Saviour {drain, *Noise rElec rPois Int+4}
   (You found it on level 6 of the Dungeon)

   Int+4:     It affects your intelligence (+4).
   rElec:     It insulates you from electricity.
   rPois:     It protects you from poison.
   *Noise:    It may make a loud noise when swung.
 X - the +7 sceptre of Torment (weapon) {pain, torment}
   (You found it on level 4 of the Lair of Beasts)
Missiles
 m - 52 stones (quivered)
 n - 47 poisoned darts
Armour
 g - the +8 chain mail "Xaef Tuch" (worn) {rF++ Dex-3}
   (You found it on level 2 of the Dungeon)

   Dex-3:     It affects your dexterity (-3).
   rF++:      It greatly protects you from fire.
 z - a scarf of resistance (worn)
 D - a +0 buckler of poison resistance (worn)
 I - a +2 cloak
 K - a +1 helmet
 S - +0 gold dragon scales
 U - a +1 pair of gloves of stealth (worn)
Jewellery
 h - a ring of ice
 i - a ring of wizardry
 l - a ring of flight
 q - a +4 ring of protection (left hand)
 v - an amulet of regeneration (around neck)
 x - an amulet of reflection
 T - a ring of see invisible
 Y - a +5 ring of evasion (right hand)
Talismans
 b - a granite talisman
 V - a dragon-blood talisman
Wands
 y - a wand of warping (42)
 G - a wand of mindburst (4)
 O - a wand of flame (50)
 R - a wand of paralysis (26)
 Z - a wand of light (10)
Scrolls
 d - a scroll of teleportation
 e - 4 scrolls of enchant armour
 j - 3 scrolls of fog
 p - 3 scrolls of brand weapon
 u - 4 scrolls of vulnerability
 F - 2 scrolls of silence
 J - 2 scrolls of butterflies
 L - 4 scrolls of enchant weapon
Potions
 c - 7 potions of haste
 o - 5 potions of mutation
 s - a potion of curing
 t - 7 potions of cancellation
 A - a potion of berserk rage
 B - a potion of magic
 E - a potion of invisibility
 M - 4 potions of might
 N - 2 potions of resistance
 P - 2 potions of brilliance
 W - a potion of lignification
Miscellaneous
 k - a phial of floods
 w - a lightning rod (inert)
 Q - a phantom mirror


   Skills:
 + Level 17.0 Fighting
 + Level 15.9 Short Blades
 + Level 15.9 Long Blades
 + Level 15.9 Axes
 + Level 15.9 Maces & Flails
 + Level 17.0 Polearms
 + Level 15.9 Staves
 + Level 15.9 Ranged Weapons
 + Level 15.9 Throwing
 + Level 15.9 Armour
 + Level 15.9 Dodging
 + Level 15.9 Stealth
 + Level 15.9 Shields
 + Level 21.3 Unarmed Combat
 + Level 16.1 Spellcasting
 + Level 13.5 Conjurations
 + Level 13.5 Hexes
 + Level 13.5 Summonings
 + Level 13.5 Necromancy
 + Level 13.5 Translocations
 + Level 14.5 Fire Magic
 + Level 13.5 Ice Magic
 + Level 13.5 Air Magic
 + Level 13.5 Earth Magic
 + Level 13.5 Alchemy
 + Level 17.2 Invocations
 + Level 15.9 Evocations
 + Level 14.6 Shapeshifting


You had 53 spell levels left.
You didn't know any spells.
Your spell library contained the following spells:

 Spells                   Type           Power      Damage    Failure   Level
 Kiss of Death            Conj/Necr      100%       2d13      1%          1
 Sandblast                Erth           100%       2d20      1%          1
 Slow                     Hex            100%       N/A       1%          1
 Blink                    Tloc           100%       N/A       1%          2
 Cigotuvi's Dreadful Rot  Necr/Alch/Air  100%       N/A       1%          2
 Lesser Beckoning         Tloc           100%       N/A       1%          2
 Momentum Strike          Conj/Tloc      100%       3d10      1%          2
 Scorch                   Fire           100%       2d9       1%          2
 Static Discharge         Conj/Air       100%       3-8/arc   1%          2
 Confusing Touch          Hex            62%        N/A       1%          3
 Hailstorm                Conj/Ice       62%        3d11      1%          3
 Inner Flame              Hex/Fire       63%        N/A       1%          3
 Mephitic Cloud           Conj/Alch/Air  62%        N/A       1%          3
 Passwall                 Erth           62%        N/A       1%          3
 Stone Arrow              Conj/Erth      100%       3d13      1%          3
 Tukima's Dance           Hex            62%        N/A       1%          3
 Vampiric Draining        Necr           62%        2d10      1%          3
 Volatile Blastmotes      Fire/Tloc      100%       2d18      1%          3
 Airstrike                Air            31%        2d(5-21)  1%          4
 Dispel Undead            Necr           62%        3d22      1%          4
 Flame Wave               Conj/Fire      63%        2d15      1%          4
 Ignite Poison            Fire/Alch      63%        N/A       1%          4
 Martyr's Knell           Necr/Summ      62%        N/A       1%          4
 Olgreb's Toxic Radiance  Alch           62%        N/A       1%          4
 Passage of Golubria      Tloc           62%        N/A       1%          4
 Sticky Flame             Fire/Alch      63%        2d11      1%          4
 Summon Lightning Spire   Summ/Air       62%        N/A       1%          4
 Vhi's Electric Charge    Tloc/Air       100%       N/A       1%          4
 Arcjolt                  Conj/Air       31%        1d41      4%          5
 Freezing Cloud           Conj/Ice/Air   31%        6-21      4%          5
 Summon Forest            Summ/Tloc      31%        N/A       4%          5
 Yara's Violent Unravell  Hex/Alch       31%        3d13      4%          5
 Plasma Beam              Fire/Air       31%        2x1d44    16%         6
 Conjure Ball Lightning   Conj/Air       31%        3x3d10    19%         6
 Dispersal                Tloc           31%        N/A       19%         6
 Gell's Gavotte           Tloc           31%        2d(25-37) 19%         6
 Haunt                    Necr/Summ      31%        N/A       65%         7
 Ozocubu's Refrigeration  Ice            31%        4d14      65%         7
 Spellforged Servitor     Conj/Summ      31%        N/A       65%         7
 Ignition                 Fire           32%        3d10      99%         8
 Discord                  Hex            31%        N/A       100%        8
 Disjunction              Tloc           31%        N/A       100%        8


Dungeon Overview and Level Annotations

Branches:
Dungeon (15/15)            Temple (1/1) D:7            Lair (5/5) D:8
 Shoals (4/4) Lair:2       Spider (4/4) Lair:2        Slime (5/5) Lair:5
    Orc (2/2) D:9             Elf (0/3) Orc:2        Vaults (4/5) D:13
  Crypt (1/3) Vaults:2     Depths (4/4) D:15         Bailey (visited)
    Zot: Depths:4

Altars:
Ashenzari
Cheibriados
Dithmenos
Elyvilon
Fedhas
Gozag
Hepliaklqana
Kikubaaqudgha
Makhleb
Nemelex Xobeh
Okawaru
Qazlal
Ru
Sif Muna
Trog
Uskayaw
Vehumet
Wu Jian
Xom
Yredelemnul
Zin
The Shining One
Beogh
Jiyva

Shops:
D:4 *   D:7 :   D:10 *   Orc:1 [   Orc:2 ::([*   Vaults:4 [((

Portals:
Hell: Depths:1 Depths:2 Depths:3 Depths:4
Abyss: Depths:2 Depths:3
Pandemonium: Depths:2
Ziggurat: Depths:2
Trove: D:11 (give horn of Geryon)

Annotations:
D:5 3 runed translucent doors, ongoing's ghost, novice MDFi
D:10 Lodul
D:13 2 transporters, temujin's ghost, journeyman DEHu
Shoals:2 Ilsuiw; Mlioglotl
Slime:5 Royal Jelly
Vaults:1 2 runed translucent doors
Vaults:3 Mennas; Sojobo
Depths:4 Parghit


Innate Abilities, Weirdness & Mutations

You have very sharp teeth.
Your uncanny sense of smell can sniff out nearby items.
Your experience applies equally to all skills.
You have a pair of small antennae on your head.
You are completely covered in iridescent scales. (AC +6)
You are agile. (Dex +4, Str/Int -1)
You possess an exceptional clarity of mind.
Your flesh is very heat resistant. (rF++)
You are somewhat resistant to further mutation.
Your spells are a little harder to cast, but a little more powerful.
You have acidic saliva.
Your body is covered in eyes which may confuse attackers. (Acc +7, SInv)
You have a small jelly attached to you that senses nearby items.


Message History

You regained 2 hp, and now have 114/181 hp.
You hit the Tzitzimitl.
The Tzitzimitl is lightly wounded.
The Tzitzimitl engulfs you!
The Tzitzimitl bites you but does no damage.
You take 9 damage, and have 105/181 hp.
You impale the Tzitzimitl!!
The ice dragon convulses!
The Tzitzimitl is moderately wounded.
Your surroundings suddenly seem different.
Found a potion of resistance.
You regained 2 hp, and now have 107/181 hp.
You sense a monster nearby.
A tormentor comes into view.
You regained 6 hp, and now have 113/181 hp.
A purple draconian comes into view. It is wielding a +0 mace.
The purple draconian roars!
You regained 3 hp, and now have 116/181 hp.
The tormentor says, "You will wish to die when I get to you."
You regained 3 hp, and now have 119/181 hp.
A doom hound comes into view.
The tormentor hits you but does no damage.
The tormentor misses you. The putrid mouth throws miasma at you.
The foul vapour engulfs you!
The doom hound moves out of view.
You take 13 damage, and have 106/181 hp.
You are engulfed in dark miasma.
You are poisoned.
You feel extremely sick. The Tzitzimitl gestures at you.
The bolt of negative energy hits you!!
You feel drained.
* * * LOW HITPOINT WARNING * * *
The tormentor misses you. x2
A reaper comes into view. It is wielding a +5 scythe of venom.
You take 45 damage, and have 61/173 hp.
MASSIVE DAMAGE!!
You feel protected.
You are engulfed in dark miasma.
You are more poisoned.
* * * LOW HITPOINT WARNING * * *
You feel extremely sick.
The Tzitzimitl calls on the powers of darkness!
The purple draconian convulses!
Your body is wracked with pain!
* * * LOW HITPOINT WARNING * * *
The tormentor calls on the powers of darkness!
Your body is wracked with pain!
* * * LOW HITPOINT WARNING * * *
The purple draconian convulses!
The putrid mouth throws miasma at you. The foul vapour misses you.
The reaper hits you from afar with a +5 scythe of venom!
* * * LOW HITPOINT WARNING * * *
The reaper drags you backwards!
You take 60 damage, and have 1/173 hp.
MASSIVE DAMAGE!!
Press: ? - help, v - describe, . - travel The floor.
You feel better.
The infernal howling subsides.
You block the tormentor's attack. x2; The reaper closely misses you.
You regained 14 hp, and now have 15/173 hp.
You feel much better.
The tormentor hits you but does no damage.
The tormentor completely misses you.
The purple draconian breathes dispelling energy at you.
The bolt of dispelling energy misses you.
The reaper hits you with a +5 scythe of venom!!
* * * LOW HITPOINT WARNING * * *
The reaper drags you backwards!
Press: ? - help, v - describe, . - travel
Here: a tormentor The floor, spattered with blood.
Okay, then.
A red film seems to cover your vision as you go berserk!
You feel yourself moving faster!
You feel mighty!
The Tzitzimitl calls on the powers of darkness!
The purple draconian convulses!
Your body is wracked with pain!
* * * LOW HITPOINT WARNING * * *
You block the reaper's attack.
You now have 14/259 hp.
You barely miss the purple draconian. You bite the purple draconian!
The acid corrodes the purple draconian!
The purple draconian is almost dead.
You closely miss the purple draconian.
The purple draconian is almost dead.
The Tzitzimitl calls on the powers of darkness!
The purple draconian convulses!
Your body is wracked with pain!
* * * LOW HITPOINT WARNING * * *
The reaper hits you but does no damage.
You take 5 damage, and have 10/259 hp.
You thump the purple draconian!
You kill the purple draconian!
The tormentor misses you. You block the tormentor's attack.
You regained 2 hp, and now have 12/259 hp.
You puncture the reaper!
The ice dragon convulses!
You bite the reaper, but do no damage.
The reaper is lightly wounded.
The Tzitzimitl gestures at you. The bolt of negative energy hits you!!!
You feel drained.
You die...
Jiyva sends a jelly to digest your remains.

#######.!..
#..........
#......... .
#.......#.....#
##.......#.....#
#...............
#........#.....#
#...2....#.....#
#...@....#.....#
.####..W)2...#.....#
.............#.....#
...#.###...###...#.##
.#.. #...##...#...#
#. ..ß1D.#..#...#
.....#.##.##{#
.......#..#[D##
#####..#..#.V.#


You could see a Tzitzimitl, an ice dragon, a reaper, a putrid mouth and a
tormentor.

Vanquished Creatures
  Boris (Depths:4)
  Saint Roka (Vaults:1)
  4 golden dragons
  2 bone dragons (Depths:4)
  Nikola (Vaults:3)
  A doom hound (Depths:4)
  A walking crystal tome (Depths:2)
  Zenata (Vaults:3)
  A lich (Depths:2)
  3 titans
  5 sphinxes
  A walking divine tome (Depths:2)
  Polyphemus (Shoals:3)
  5 tengu reavers
  Agnes (D:15)
  Donald (Spider:1)
  The ghost of Ajdolov the Imperceptible, an adept SpBr of Gozag (Vaults:1)
  Aizul (Shoals:3)
  5 fire giants
  A deep elf sorcerer (Vaults:3)
  3 frost giants (Depths:2)
  A draconian shifter (Depths:4)
  3 emperor scorpions
  16 vault wardens
  An iron dragon (Depths:3)
  3 ghost moths
  A balrug (Depths:3)
  2 spriggan defenders (Depths:2)
  A reaper (Depths:4)
  9 ironbound preservers
  2 orc warlords
  13 very ugly things
  3 broodmothers
  10 stone giants
  3 ironbound thunderhulks
  Nessos (D:15)
  3 white draconians (Depths:4)
  2 yellow draconians
  2 eleionomae (Shoals:1)
  A spark wasp (Depths:2)
  3 purple draconians
  Azrael (D:15)
  15 dire elephants
  An eidolon (Depths:2)
  The ghost of temujin the Geomancer, a journeyman GrEE of Vehumet (Lair:2)
  A crystal guardian (Vaults:2)
  10 ettins
  2 jiangshi (Depths:1)
  6 merfolk javelineers
  8 merfolk impalers
  7 fire dragons
  A deep elf high priest (Vaults:1)
  7 entropy weavers
  An entropy weaver (shapeshifter) (D:13)
  Erolcha (D:11)
  2 yaktaur captains
  2 hydras
  Harold (Lair:1)
  3 radroaches
  15 vault guards
  8 spriggan air magi
  10 ice dragons
  A salamander tyrant (Depths:2)
  A hell beast (Depths:2)
  4 merfolk avatars
  A death knight (D:13)
  A catoblepas (Shoals:3)
  3 satyrs (Shoals:1)
  6 boulder beetles
  6 two-headed ogres
  5 ironbound frosthearts
  4 jorogumos
  17 centaur warriors
  A peacekeeper (Vaults:2)
  9 merfolk aquamancers
  An alligator snapping turtle (Shoals:3)
  2 tengu warriors
  10 deep troll shamans
  7 death yaks
  7 deep troll earth magi
  8 death scarabs
  2 spectral emperor scorpions (Spider:4)
  8 demonic crawlers
  2 vampire magi (Depths:1)
  6 orc high priests
  3 spriggan berserkers
  A sun demon (Depths:2)
  2 occultists
  5 hell knights
  8 skysharks
  5 iron trolls
  9 pharaoh ants
  A shadow wraith (Vaults:1)
  A deep elf archer (D:13)
  A sea snake (shapeshifter) (Vaults:4)
  41 deep trolls
  3 sun moths
  14 sea snakes
  6 arcanists
  8 orb spiders
  2 flayed ghosts
  20 ironbound convokers
  4 steelbarb worms
  2 spectral wolf spiders (Spider:4)
  29 harpies
  3 necromancers
  5 lindwurms
  7 orc knights
  A wolf spider zombie (Spider:4)
  A spectral jorogumo (Spider:4)
  4 orc sorcerers
  A wolf spider (shapeshifter) (D:15)
  A stone giant zombie (Vaults:1)
  24 wolf spiders
  17 manticores
  27 ugly things
  22 fauns
  A salamander (Depths:2)
  5 cyclopes
  Maurice (Orc:2)
  A moth of wrath (shapeshifter) (Vaults:4)
  5 moths of wrath
  12 meliai
  A meliai (shapeshifter) (D:13)
  A kobold blastminer (Orc:1)
  7 merfolk sirens
  A guardian serpent (Lair:5)
  8 elephants
  9 water nymphs
  13 black mambas
  9 torpor snails
  10 vault sentinels
  3 orange demons (Orc:2)
  2 gargoyles
  5 kobold demonologists
  A yaktaur zombie (Vaults:1)
  2 spectral redbacks (Spider:4)
  21 cane toads
  10 rime drakes
  6 komodo dragons
  3 unseen horrors
  A yaktaur (shapeshifter) (D:15)
  A rime drake (shapeshifter) (D:12)
  2 efreet
  2 freezing wraiths
  22 yaktaurs
  2 tengu conjurers
  2 redback zombies (Spider:4)
  A yaktaur skeleton (Vaults:1)
  10 trolls
  4 tyrant leeches (Lair:5)
  6 wind drakes
  22 merfolk
  2 polar bears
  32 tarantellas
  A jumping spider (shapeshifter) (Depths:4)
  3 spectral jumping spiders (Spider:4)
  Prince Ribbit (Bailey)
  2 spectral culicivoras (Spider:4)
  A tarantella zombie (Spider:4)
  17 jumping spiders
  10 hornets
  10 dream sheep
  A jumping spider zombie (Spider:4)
  2 slime creatures (Lair:5)
  A frost giant simulacrum (Vaults:1)
  42 blink frogs
  5 snapping turtles
  A centaur simulacrum (D:15)
  3 shadows
  31 culicivoras
  13 wyverns
  44 yaks
  2 spriggans (Depths:2)
  6 water elementals
  2 wraiths
  The ghost of bool the Chopper, an amateur MiFi (D:3)
  5 basilisks
  A golden eye (shapeshifter) (Vaults:4)
  4 humans (Bailey)
  59 redbacks
  23 fire elementals
  An elf (Vaults:1)
  8 vampire mosquitoes
  3 hell hounds (D:15)
  24 water moccasins
  A hydra simulacrum (Lair:2)
  2 acid dragons
  5 ice beasts
  An ogre skeleton (Vaults:1)
  30 orc warriors
  A sky beast (D:8)
  5 ogres
  3 black bears
  4 boggarts (Vaults:1)
  14 wolves
  9 centaurs
  7 kobold brigands
  23 bullfrogs
  A gnoll sergeant (D:11)
  6 scorpions
  8 wights
  4 cane toad simulacra (Lair:2)
  An elephant simulacrum (Lair:2)
  6 killer bees
  4 howler monkeys
  4 electric eels
  A lava snake (Lair:2)
  3 bombardier beetles
  A torpor snail simulacrum (Lair:2)
  A komodo dragon simulacrum (Lair:2)
  A water moccasin simulacrum (Lair:2)
  2 gnoll boudas
  14 orc priests
  A hound (D:6)
  5 jellies
  2 sleepcaps
  Ijyb (D:4)
  2 iguanas
  25 orc wizards
  21 gnolls
  15 adders
  3 shadow imps
  4 white imps
  An ufetubus (D:15)
  A ribbon worm (shapeshifter) (Vaults:4)
  2 dart slugs (D:3)
  A ribbon worm (D:2)
  61 orcs
  5 bats
  11 endoplasms
  2 giant cockroaches
  16 goblins
  8 hobgoblins
  9 jackals
  25 kobolds
  4 quokkas
  6 ball pythons
  10 frilled lizards (D:1)
  3 rats
1593 creatures vanquished.

Vanquished Creatures (collateral kills)
  An ancient champion (Depths:2)
  Roxanne (Shoals:4)
  An ironbound thunderhulk (Vaults:2)
  A satyr (Shoals:2)
  2 merfolk aquamancers (Shoals:2)
6 creatures vanquished.

Vanquished Creatures (others)
  A vault warden (Vaults:2)
  2 formless jellyfish
  An ironbound preserver (Vaults:3)
  An ironbound thunderhulk (Vaults:2)
  6 great orbs of eyes
  An ice dragon (Depths:2)
  A yaktaur captain (Vaults:3)
  A merfolk avatar (Shoals:4)
  2 centaur warriors
  A glowing orange brain (Depths:2)
  2 arcanists
  A harpy (Vaults:4)
  3 ugly things (Vaults:2)
  A vault sentinel (Vaults:4)
  6 yaktaurs
  A glass eye (Depths:1)
  A merfolk (Shoals:4)
  A tarantella (Spider:1)
  A dream sheep (Shoals:4)
  23 slime creatures
  A fire elemental (Lair:4)
  2 water moccasins (Lair:5)
  2 centaurs
  2 scorpions (Orc:2)
  A killer bee (D:10)
  222 jellies
  2 gnolls (D:9)
  5 orcs
  2 starspawn tentacles (Shoals:2)
296 creatures vanquished.

Grand Total: 1895 creatures vanquished

Notes
Turn   | Place    | Note
-------+----------+-------------------------------------------
     0 | D:1      | Vbesf the Gnoll Cinder Acolyte began the quest for the Orb.
     0 | D:1      | Reached XP level 1. HP: 23/23 MP: 4/4
   160 | D:1      | Reached XP level 2. HP: 29/29 MP: 5/5
   488 | D:1      | Reached XP level 3. HP: 34/35 MP: 7/7
   753 | D:1      | Found a faded altar of an unknown god.
   753 | D:1      | Noticed a smoke demon
   983 | D:2      | Reached skill level 1 in Invocations
  1170 | D:2      | Identified the +8 chain mail "Xaef Tuch" {rF++ Dex-3}
  1225 | D:2      | Reached skill level 1 in Short Blades
  1225 | D:2      | Reached skill level 1 in Long Blades
  1225 | D:2      | Reached skill level 1 in Axes
  1225 | D:2      | Reached skill level 1 in Maces & Flails
  1225 | D:2      | Reached skill level 1 in Staves
  1225 | D:2      | Reached skill level 1 in Ranged Weapons
  1225 | D:2      | Reached skill level 1 in Throwing
  1225 | D:2      | Reached skill level 1 in Armour
  1225 | D:2      | Reached skill level 1 in Dodging
  1225 | D:2      | Reached skill level 1 in Stealth
  1225 | D:2      | Reached skill level 1 in Shields
  1225 | D:2      | Reached skill level 1 in Unarmed Combat
  1225 | D:2      | Reached skill level 1 in Evocations
  1548 | D:2      | Reached skill level 1 in Shapeshifting
  1548 | D:2      | Reached XP level 4. HP: 38/41 MP: 8/8
  1881 | D:3      | Reached skill level 1 in Conjurations
  1881 | D:3      | Reached skill level 1 in Hexes
  1881 | D:3      | Reached skill level 1 in Summonings
  1881 | D:3      | Reached skill level 1 in Necromancy
  1881 | D:3      | Reached skill level 1 in Translocations
  1881 | D:3      | Reached skill level 1 in Ice Magic
  1881 | D:3      | Reached skill level 1 in Air Magic
  1881 | D:3      | Reached skill level 1 in Earth Magic
  1881 | D:3      | Reached skill level 1 in Alchemy
  2153 | D:3      | Reached XP level 5. HP: 33/40 MP: 9/9
  2602 | D:3      | Reached XP level 6. HP: 53/53 MP: 11/11
  2608 | D:3      | Noticed bool's ghost (amateur MiFi)
  2609 | D:3      | Found a runed translucent gate.
  2609 | D:3      | Found a runed translucent gate.
  2609 | D:3      | Found a runed translucent gate.
  2950 | D:4      | Found Zin's Purification Station.
  2967 | D:4      | Reached skill level 2 in Unarmed Combat
  2975 | D:4      | Found a glowing silver altar of Zin.
  3159 | D:4      | Noticed Ijyb
  3185 | D:4      | Killed Ijyb
  3292 | D:4      | Reached XP level 7. HP: 54/60 MP: 12/12
  3797 | D:5      | Entered Level 5 of the Dungeon
  4491 | D:5      | Found a glowing golden altar of the Shining One.
  4491 | D:5      | Found a sparkling altar of Nemelex Xobeh.
  4557 | D:5      | Reached skill level 3 in Unarmed Combat
  4557 | D:5      | Reached XP level 8. HP: 67/67 MP: 14/14
  4559 | D:5      | You fall into a shaft and drop 2 floors!
  4559 | D:7      | Found a staircase to the Ecumenical Temple.
  4562 | Temple   | Entered the Ecumenical Temple
  4625 | D:7      | Noticed a wyvern
  4696 | D:7      | Killed a wyvern
  4993 | D:5      | Found a runed translucent gate.
  4994 | D:5      | Found a runed translucent gate.
  4995 | D:5      | Found a runed translucent gate.
  4997 | D:5      | Noticed ongoing's ghost (novice MDFi)
  5000 | D:5      | Identified the +4 sling "Woewnuli" {elec, Fly rPois rCorr
                  | Str-5}
  5000 | D:5      | Identified the +4 ring mail "Turrukas" {Rampage rElec Str+6
                  | Int+3}
  5092 | D:5      | Found a roughly hewn altar of Beogh.
  5461 | D:3      | Killed bool's ghost
  5919 | D:6      | Reached XP level 9. HP: 73/73 MP: 16/16
  5932 | D:6      | Reached skill level 4 in Unarmed Combat
  5932 | D:6      | Reached skill level 5 in Spellcasting
  6318 | D:6      | Identified the +9 whip of the Supporting Saviour {drain,
                  | *Noise rElec rPois Int+4}
  6533 | D:6      | Reached skill level 5 in Invocations
  6765 | D:7      | Reached skill level 5 in Unarmed Combat
  6795 | D:7      | Found Jinn's Book Shoppe.
  7202 | D:8      | Reached skill level 5 in Short Blades
  7202 | D:8      | Reached skill level 5 in Long Blades
  7202 | D:8      | Reached skill level 5 in Axes
  7202 | D:8      | Reached skill level 5 in Maces & Flails
  7202 | D:8      | Reached skill level 5 in Staves
  7202 | D:8      | Reached skill level 5 in Ranged Weapons
  7202 | D:8      | Reached skill level 5 in Throwing
  7202 | D:8      | Reached skill level 5 in Armour
  7202 | D:8      | Reached skill level 5 in Dodging
  7202 | D:8      | Reached skill level 5 in Stealth
  7202 | D:8      | Reached skill level 5 in Shields
  7202 | D:8      | Reached skill level 5 in Evocations
  7202 | D:8      | Reached XP level 10. HP: 80/81 MP: 18/18
  7297 | D:8      | Found a flagged portal.
  7305 | Bailey   | Entered a bailey
  7390 | Bailey   | Reached skill level 6 in Unarmed Combat
  7413 | Bailey   | Reached skill level 5 in Shapeshifting
  7433 | Bailey   | Noticed a vault guard
  7433 | Bailey   | Noticed Prince Ribbit
  7446 | Bailey   | Killed Prince Ribbit
  7465 | Bailey   | Killed a vault guard
  7528 | Bailey   | Noticed a vault guard
  7542 | Bailey   | Killed a vault guard
  7603 | Bailey   | Reached skill level 7 in Unarmed Combat
  7689 | D:8      | Found a hide-covered altar of Uskayaw.
  7822 | D:8      | Found a staircase to the Lair.
  7822 | D:8      | Noticed an elephant
  7848 | D:8      | Killed an elephant
  7849 | D:8      | Reached skill level 5 in Conjurations
  7849 | D:8      | Reached skill level 5 in Hexes
  7849 | D:8      | Reached skill level 5 in Summonings
  7849 | D:8      | Reached skill level 5 in Necromancy
  7849 | D:8      | Reached skill level 5 in Translocations
  7849 | D:8      | Reached skill level 5 in Ice Magic
  7849 | D:8      | Reached skill level 5 in Air Magic
  7849 | D:8      | Reached skill level 5 in Earth Magic
  7849 | D:8      | Reached skill level 5 in Alchemy
  7849 | D:8      | Reached XP level 11. HP: 78/89 MP: 21/21
  8138 | Lair:1   | Entered Level 1 of the Lair of Beasts
  8367 | Lair:1   | Reached skill level 8 in Unarmed Combat
  8566 | Lair:1   | Noticed Harold
  8610 | Lair:1   | Reached XP level 12. HP: 62/97 MP: 23/23
  8622 | Lair:1   | Reached skill level 9 in Unarmed Combat
  8623 | Lair:1   | Killed Harold
  8977 | Lair:2   | Noticed a skyshark
  9175 | Lair:1   | Reached skill level 10 in Fighting
  9175 | Lair:1   | Reached skill level 10 in Polearms
  9298 | Lair:2   | Found a hole to the Spider Nest.
  9499 | Lair:2   | Killed a skyshark
  9514 | Lair:2   | Reached skill level 10 in Unarmed Combat
  9736 | Lair:2   | Noticed temujin's ghost (journeyman GrEE)
  9737 | Lair:2   | Noticed an ice dragon
  9877 | Lair:2   | Found a staircase to the Shoals.
 10094 | Lair:2   | Found a runed translucent gate.
 10094 | Lair:2   | Found a runed translucent gate.
 10095 | Lair:2   | Found a runed translucent gate.
 10472 | Lair:3   | Reached XP level 13. HP: 90/104 MP: 25/25
 11494 | Lair:4   | Reached skill level 11 in Unarmed Combat
 12292 | Lair:4   | Found the +7 sceptre of Torment {pain, torment}
 12795 | Lair:5   | Entered Level 5 of the Lair of Beasts
 12827 | Lair:5   | Found a staircase to the Slime Pits.
 12828 | Lair:5   | Found a viscous altar of Jiyva.
 13080 | Lair:5   | Reached XP level 14. HP: 83/113 MP: 27/27
 13092 | Lair:5   | Fell from the grace of Ignis
 13092 | Lair:5   | Became a worshipper of Jiyva Jyerubb the Shapeless
 13141 | Lair:5   | Reached skill level 10 in Invocations
 13240 | Lair:5   | Reached skill level 12 in Unarmed Combat
 14017 | Lair:4   | Reached skill level 10 in Spellcasting
 14705 | Lair:5   | Got the Annotations on Freezing Conjuring
 15374 | Lair:5   | Reached * piety under Jiyva
 15451 | Lair:5   | Was forgiven by Ignis
 16181 | D:9      | Found a staircase to the Orcish Mines.
 16287 | D:9      | Reached skill level 10 in Fire Magic
 16343 | D:9      | Reached skill level 13 in Unarmed Combat
 16455 | D:9      | Reached ** piety under Jiyva
 16747 | D:10     | Entered Level 10 of the Dungeon
 16818 | D:10     | Found Vujywnei's Assorted Antiques.
 16818 | D:10     | Noticed Lodul
 17078 | D:10     | Reached skill level 10 in Short Blades
 17078 | D:10     | Reached skill level 10 in Long Blades
 17078 | D:10     | Reached skill level 10 in Axes
 17078 | D:10     | Reached skill level 10 in Maces & Flails
 17078 | D:10     | Reached skill level 10 in Staves
 17078 | D:10     | Reached skill level 10 in Ranged Weapons
 17078 | D:10     | Reached skill level 10 in Throwing
 17078 | D:10     | Reached skill level 10 in Armour
 17078 | D:10     | Reached skill level 10 in Dodging
 17078 | D:10     | Reached skill level 10 in Stealth
 17078 | D:10     | Reached skill level 10 in Shields
 17078 | D:10     | Reached skill level 10 in Evocations
 17332 | Orc:1    | Entered Level 1 of the Orcish Mines
 17332 | Orc:1    | Found Vowett's Antique Armour Shoppe.
 17402 | Orc:2    | Entered Level 2 of the Orcish Mines
 17431 | Orc:2    | Reached *** piety under Jiyva
 17439 | Orc:2    | Noticed an orc warlord
 17449 | Orc:2    | Paralysed by an orc sorcerer for 2 turns
 17453 | Orc:2    | Paralysed by an orc sorcerer for 5 turns
 17455 | Orc:2    | Found Famen's Book Emporium.
 17477 | Orc:2    | Found a roughly hewn altar of Beogh.
 17569 | Orc:1    | Killed an orc warlord
 17589 | Orc:1    | Reached XP level 15. HP: 54/120 MP: 29/29
 18054 | Orc:2    | Found Gaptag's Antique Weapon Emporium.
 18112 | Orc:2    | Found a staircase to the Elven Halls.
 18115 | Orc:2    | Found Tihoac's Book Boutique.
 18168 | Orc:2    | Found Wugec's Antique Armour Emporium.
 18177 | Orc:2    | Gained mutation: You have a small jelly attached to you
                  | that may absorb projectiles. [Jiyva's grace]
 18177 | Orc:2    | Gained mutation: Your rubbery body absorbs attacks. (AC +1,
                  | EV +1) [Jiyva's grace]
 18177 | Orc:2    | Gained mutation: Your pliable body absorbs attacks. (AC +2,
                  | EV +2) [Jiyva's grace]
 18177 | Orc:2    | Gained mutation: Your gelatinous body deflects attacks. (AC
                  | +3, EV +3) [Jiyva's grace]
 18362 | Orc:2    | Found Gafeutrui's General Store.
 18370 | Orc:2    | Bought a scroll of teleportation for 36 gold pieces
 18392 | Orc:1    | Noticed Maurice
 18412 | Orc:2    | Paralysed by Maurice for 2 turns
 18414 | Orc:2    | Killed Maurice
 18559 | Orc:1    | Found a roughly hewn altar of Beogh.
 18984 | D:11     | Noticed Erolcha
 18991 | D:11     | Killed Erolcha
 19048 | D:11     | Found a portal to a secret trove of treasure.
 19055 | D:11     | Reached **** piety under Jiyva
 19919 | D:12     | Lost mutation: Your gelatinous body deflects attacks. (AC
                  | +3, EV +3) [Jiyva's grace]
 19919 | D:12     | Gained mutation: Your gelatinous body deflects attacks. (AC
                  | +3, EV +3) [Jiyva's grace]
 19919 | D:12     | Gained mutation: You have a small jelly attached to you
                  | that senses nearby items. [Jiyva's grace]
 19919 | D:12     | Gained mutation: Your body has grown eyes which may confuse
                  | attackers. (Acc +3) [Jiyva's grace]
 19919 | D:12     | Gained mutation: Your body has grown many eyes which may
                  | confuse attackers. (Acc +5) [Jiyva's grace]
 20326 | D:13     | Reached skill level 14 in Unarmed Combat
 20381 | D:13     | Found a gate to the Vaults.
 20383 | D:13     | Reached ***** piety under Jiyva
 20546 | D:13     | Noticed temujin's ghost (journeyman DEHu)
 20546 | D:13     | Noticed a frost giant
 20548 | D:13     | Found a transporter.
 20729 | D:13     | Found a transporter.
 21174 | D:14     | Reached skill level 10 in Shapeshifting
 21479 | D:15     | Entered Level 15 of the Dungeon
 21520 | D:15     | Noticed Azrael
 21532 | D:15     | Reached XP level 16. HP: 129/129 MP: 31/31
 21617 | D:15     | Killed Azrael
 21641 | D:15     | Lost mutation: Your gelatinous body deflects attacks. (AC
                  | +3, EV +3) [Jiyva's grace]
 21641 | D:15     | Lost mutation: Your pliable body absorbs attacks. (AC +2,
                  | EV +2) [Jiyva's grace]
 21641 | D:15     | Gained mutation: You are agile. (Dex +4, Str/Int -1)
                  | [Jiyva's grace]
 21641 | D:15     | Gained mutation: You are very agile. (Dex +8, Str/Int -2)
                  | [Jiyva's grace]
 21641 | D:15     | Gained mutation: You possess an exceptional clarity of
                  | mind. [Jiyva's grace]
 21641 | D:15     | Gained mutation: You have hidden genetic potential.
                  | [Jiyva's grace]
 21860 | D:15     | Noticed Agnes
 21874 | D:15     | Killed Agnes
 21964 | D:15     | Noticed Nessos
 21977 | D:15     | Killed Nessos
 22092 | D:15     | Found a staircase to the Depths.
 22455 | Shoals:1 | Entered Level 1 of the Shoals
 23030 | Shoals:1 | Reached skill level 15 in Unarmed Combat
 23450 | Shoals:2 | Noticed Ilsuiw
 23475 | Shoals:2 | Reached XP level 17. HP: 88/137 MP: 33/33
 23483 | Shoals:2 | HP: 6/137 [Ilsuiw/shard of ice (37)]
 23499 | Shoals:2 | Noticed Mlioglotl
 23648 | Shoals:2 | Noticed a lich
 23700 | Shoals:2 | Got the Collected Works on Dark Words and Transportation
 23763 | Shoals:3 | Gained mutation: You have large cloven feet. [hidden
                  | potential]
 23788 | Shoals:3 | Lost mutation: You are very agile. (Dex +8, Str/Int -2)
                  | [Jiyva's grace]
 23788 | Shoals:3 | Lost mutation: Your body has grown many eyes which may
                  | confuse attackers. (Acc +5) [Jiyva's grace]
 23788 | Shoals:3 | Lost mutation: You have a small jelly attached to you that
                  | senses nearby items. [Jiyva's grace]
 23788 | Shoals:3 | Lost mutation: You have a small jelly attached to you that
                  | may absorb projectiles. [Jiyva's grace]
 23788 | Shoals:3 | Gained mutation: Your spells are a little harder to cast,
                  | but a little more powerful. [Jiyva's grace]
 23788 | Shoals:3 | Gained mutation: Your spells are harder to cast, but more
                  | powerful. [Jiyva's grace]
 23788 | Shoals:3 | Gained mutation: Your spells are much harder to cast, but
                  | much more powerful. [Jiyva's grace]
 23788 | Shoals:3 | Gained mutation: Your pliable body absorbs attacks. (AC +2,
                  | EV +2) [Jiyva's grace]
 23796 | Shoals:3 | Noticed Polyphemus
 23819 | Shoals:3 | Reached skill level 10 in Conjurations
 23819 | Shoals:3 | Reached skill level 10 in Hexes
 23819 | Shoals:3 | Reached skill level 10 in Summonings
 23819 | Shoals:3 | Reached skill level 10 in Necromancy
 23819 | Shoals:3 | Reached skill level 10 in Translocations
 23819 | Shoals:3 | Reached skill level 10 in Ice Magic
 23819 | Shoals:3 | Reached skill level 10 in Air Magic
 23819 | Shoals:3 | Reached skill level 10 in Earth Magic
 23819 | Shoals:3 | Reached skill level 10 in Alchemy
 23829 | Shoals:3 | Killed Polyphemus
 24235 | Shoals:3 | Identified the serpent talisman of the Eye-covered God
                  | {Int+4 Dex-2}
 24235 | Shoals:3 | Noticed Aizul
 24252 | Shoals:3 | Killed Aizul
 24371 | Shoals:3 | Reached skill level 16 in Unarmed Combat
 24707 | Shoals:4 | Entered Level 4 of the Shoals
 25145 | Shoals:4 | Identified the ring "Vehirghaz" {MP+9 Dex+5}
 25188 | Shoals:4 | Noticed Roxanne
 25464 | Shoals:4 | Reached ****** piety under Jiyva
 25872 | Shoals:4 | Got a barnacled rune of Zot
 26061 | Shoals:2 | Reached XP level 18. HP: 146/146 MP: 34/34
 26286 | Shoals:4 | Killed Roxanne
 26495 | Spider:1 | Entered Level 1 of the Spider Nest
 26557 | Spider:1 | Gained mutation: Your movements are slightly less
                  | encumbered by armour. (ER -2) [hidden potential]
 26557 | Spider:1 | Lost mutation: You have hidden genetic potential. [hidden
                  | potential expressed]
 26864 | Spider:1 | Noticed Donald
 27181 | Spider:1 | Killed Donald
 27219 | Spider:1 | Lost mutation: Your spells are much harder to cast, but
                  | much more powerful. [Jiyva's grace]
 27219 | Spider:1 | Gained mutation: You have a pair of small antennae on your
                  | head. [Jiyva's grace]
 27219 | Spider:1 | Gained mutation: You have a pair of antennae on your head.
                  | [Jiyva's grace]
 27219 | Spider:1 | Gained mutation: You have a pair of large antennae on your
                  | head. (SInv) [Jiyva's grace]
 27219 | Spider:1 | Gained mutation: Your body has grown many eyes which may
                  | confuse attackers. (Acc +5) [Jiyva's grace]
 27937 | Slime:1  | Entered Level 1 of the Pits of Slime
 28036 | Slime:1  | Found a viscous altar of Jiyva.
 28144 | Slime:5  | Entered Level 5 of the Pits of Slime
 28390 | Slime:5  | Identified the +0 double sword "Nuekil" {freeze, rF+}
 28398 | Slime:5  | Identified the +10 rapier of a Hundred Scars {freeze, rN+
                  | Int+2}
 28405 | Slime:5  | Found a viscous altar of Jiyva.
 28409 | Slime:5  | Got a starry gem with 130 turns to spare
 28410 | Slime:5  | Identified the amulet "Ehaug" {rF- RegenMP+ Dex+6}
 28413 | Slime:5  | Got a slimy rune of Zot
 28422 | Slime:5  | Identified the +5 orcbow of Assuhy {flame, rPois rC- SInv
                  | Stlth+}
 28446 | Slime:5  | Identified the +6 hand axe "Bawnufav" {speed, rElec}
 28486 | Slime:5  | Noticed the Royal Jelly
 28881 | Spider:1 | Reached skill level 17 in Unarmed Combat
 29029 | Spider:2 | Identified the +1 robe of Hoxibusku {+Blink}
 30866 | Spider:3 | Lost mutation: You have large cloven feet. [Jiyva's grace]
 30866 | Spider:3 | Lost mutation: You possess an exceptional clarity of mind.
                  | [Jiyva's grace]
 30866 | Spider:3 | Lost mutation: Your body has grown many eyes which may
                  | confuse attackers. (Acc +5) [Jiyva's grace]
 30866 | Spider:3 | Lost mutation: Your pliable body absorbs attacks. (AC +2,
                  | EV +2) [Jiyva's grace]
 30866 | Spider:3 | Gained mutation: Your melee attacks may engulf your foes in
                  | ooze. [Jiyva's grace]
 30866 | Spider:3 | Gained mutation: You are somewhat resistant to further
                  | mutation. [Jiyva's grace]
 30866 | Spider:3 | Gained mutation: You are somewhat resistant to both further
                  | mutation and mutation removal. [Jiyva's grace]
 30866 | Spider:3 | Gained mutation: You are almost entirely resistant to
                  | further mutation and mutation removal. [Jiyva's grace]
 31163 | Spider:4 | Entered Level 4 of the Spider Nest
 31759 | Spider:3 | Reached XP level 19. HP: 153/153 MP: 14/36
 32295 | Spider:4 | Identified the +0 dagger of the Slime-mould {spect, *Noise
                  | rF+ rC+ rN+}
 32417 | Spider:4 | Identified the +1 robe of Repulsion {rF+++ rN+ Slay-3
                  | Archmagi}
 32902 | Spider:4 | Reached skill level 18 in Unarmed Combat
 33171 | Spider:4 | Got a gossamer rune of Zot
 33519 | Lair:2   | Killed temujin's ghost
 33786 | Depths:1 | Entered Level 1 of the Depths
 33797 | Depths:1 | You fall into a shaft and drop 1 floor!
 33816 | Depths:2 | Found a one-way gate leading to the halls of Pandemonium.
 33899 | Depths:2 | Found a gateway to Hell.
 33956 | Depths:2 | Reached skill level 15 in Fighting
 33956 | Depths:2 | Reached skill level 15 in Polearms
 34536 | Depths:1 | Reached skill level 15 in Invocations
 34904 | Depths:1 | Lost mutation: You have a pair of large antennae on your
                  | head. (SInv) [Jiyva's grace]
 34904 | Depths:1 | Lost mutation: You have a pair of antennae on your head.
                  | [Jiyva's grace]
 34904 | Depths:1 | Lost mutation: You are almost entirely resistant to further
                  | mutation and mutation removal. [Jiyva's grace]
 34904 | Depths:1 | Lost mutation: Your spells are harder to cast, but more
                  | powerful. [Jiyva's grace]
 34904 | Depths:1 | Lost mutation: Your movements are slightly less encumbered
                  | by armour. (ER -2) [Jiyva's grace]
 34904 | Depths:1 | Gained mutation: You are strong-willed. (Will+) [Jiyva's
                  | grace]
 34904 | Depths:1 | Gained mutation: You are highly strong-willed. (Will++)
                  | [Jiyva's grace]
 34904 | Depths:1 | Gained mutation: You are extremely strong-willed. (Will+++)
                  | [Jiyva's grace]
 34904 | Depths:1 | Gained mutation: You have acidic saliva. [Jiyva's grace]
 34954 | Depths:1 | Reached XP level 20. HP: 162/162 MP: 38/38
 35106 | Depths:2 | Found a one-way gateway to a ziggurat.
 35427 | Depths:2 | Identified the staff "Death Rattle" {Fly rPois Earth}
 35428 | Depths:2 | Found a blossoming altar of Fedhas.
 35428 | Depths:2 | Identified the +1 orcbow of Yjeph {flame, rF+}
 35432 | Depths:2 | Found a stormy altar of Qazlal.
 35433 | Depths:2 | Found a glowing silver altar of Zin.
 35433 | Depths:2 | Found an ornate altar of the Wu Jian Council.
 35438 | Depths:2 | Reached skill level 19 in Unarmed Combat
 35835 | Depths:2 | Found a one-way gate to the infinite horrors of the Abyss.
 36131 | Depths:3 | Found a radiant altar of Vehumet.
 36210 | Depths:3 | Lost mutation: You are somewhat resistant to both further
                  | mutation and mutation removal. [Jiyva's grace]
 36210 | Depths:3 | Lost mutation: Your body has grown eyes which may confuse
                  | attackers. (Acc +3) [Jiyva's grace]
 36210 | Depths:3 | Gained mutation: You have a pair of antennae on your head.
                  | [Jiyva's grace]
 36210 | Depths:3 | Gained mutation: You have a pair of large antennae on your
                  | head. (SInv) [Jiyva's grace]
 36210 | Depths:3 | Gained mutation: You have a small jelly attached to you
                  | that senses nearby items. [Jiyva's grace]
 36210 | Depths:3 | Gained mutation: You have large cloven feet. [Jiyva's
                  | grace]
 36791 | Depths:3 | Noticed a golden dragon
 36797 | Depths:3 | Noticed a juggernaut
 36801 | Depths:3 | Slimified a juggernaut
 36801 | Depths:3 | a juggernaut changed into an azure jelly
 36804 | Depths:3 | Killed a golden dragon
 36817 | Depths:3 | Got Sif Muna's Folio of Transmuted Blasting
 36822 | Depths:3 | Got the Handbook of the Snowy Manifold
 36844 | Depths:3 | Noticed a golden dragon
 36861 | Depths:3 | Killed a golden dragon
 36878 | Depths:3 | Noticed a golden dragon
 36893 | Depths:3 | Killed a golden dragon
 37488 | Depths:4 | Entered Level 4 of the Depths
 37786 | Depths:3 | Reached XP level 21. HP: 121/170 MP: 39/39
 38090 | Vaults:1 | Entered Level 1 of the Vaults
 38090 | Vaults:1 | Noticed Saint Roka
 38121 | Vaults:1 | Killed Saint Roka
 38337 | Vaults:1 | Reached skill level 15 in Spellcasting
 38359 | Vaults:1 | HP: 5/171 [centaur warrior/arrow (15)]
 38637 | Vaults:1 | Lost mutation: You have large cloven feet. [Jiyva's grace]
 38637 | Vaults:1 | Lost mutation: You are agile. (Dex +4, Str/Int -1) [Jiyva's
                  | grace]
 38637 | Vaults:1 | Lost mutation: You are extremely strong-willed. (Will+++)
                  | [Jiyva's grace]
 38637 | Vaults:1 | Lost mutation: Your rubbery body absorbs attacks. (AC +1,
                  | EV +1) [Jiyva's grace]
 38637 | Vaults:1 | Lost mutation: Your melee attacks may engulf your foes in
                  | ooze. [Jiyva's grace]
 38637 | Vaults:1 | Gained mutation: You are agile. (Dex +4, Str/Int -1)
                  | [Jiyva's grace]
 38637 | Vaults:1 | Gained mutation: You are very agile. (Dex +8, Str/Int -2)
                  | [Jiyva's grace]
 38637 | Vaults:1 | Gained mutation: Your flesh is heat resistant. (rF+)
                  | [Jiyva's grace]
 38637 | Vaults:1 | Gained mutation: Your flesh is very heat resistant. (rF++)
                  | [Jiyva's grace]
 38764 | Vaults:1 | Reached skill level 20 in Unarmed Combat
 38810 | Vaults:1 | Found a large runed translucent door.
 38810 | Vaults:1 | Found a large runed translucent door.
 38810 | Vaults:1 | Found a large runed translucent door.
 38810 | Vaults:1 | Found a large runed translucent door.
 38810 | Vaults:1 | Found a large runed translucent door.
 38810 | Vaults:1 | Found a large runed translucent door.
 38810 | Vaults:1 | Found a large runed translucent door.
 38810 | Vaults:1 | Found a large runed translucent door.
 38810 | Vaults:1 | Noticed Ajdolov's ghost (adept SpBr)
 38925 | Vaults:1 | Identified the +0 plate armour "Xikk" {rF+ Stlth+}
 39248 | Vaults:1 | Reached skill level 15 in Short Blades
 39248 | Vaults:1 | Reached skill level 15 in Long Blades
 39248 | Vaults:1 | Reached skill level 15 in Axes
 39248 | Vaults:1 | Reached skill level 15 in Maces & Flails
 39248 | Vaults:1 | Reached skill level 15 in Staves
 39248 | Vaults:1 | Reached skill level 15 in Ranged Weapons
 39248 | Vaults:1 | Reached skill level 15 in Throwing
 39248 | Vaults:1 | Reached skill level 15 in Armour
 39248 | Vaults:1 | Reached skill level 15 in Dodging
 39248 | Vaults:1 | Reached skill level 15 in Stealth
 39248 | Vaults:1 | Reached skill level 15 in Shields
 39248 | Vaults:1 | Reached skill level 15 in Evocations
 39578 | Vaults:1 | Killed Ajdolov's ghost
 39946 | Vaults:2 | Noticed Norris
 39981 | Vaults:2 | Found a staircase to the Crypt.
 40975 | Vaults:2 | Reached XP level 22. HP: 179/179 MP: 41/41
 41097 | Vaults:2 | Lost mutation: You have a pair of large antennae on your
                  | head. (SInv) [Jiyva's grace]
 41097 | Vaults:2 | Gained mutation: Your flesh is almost immune to the effects
                  | of heat. (rF+++) [Jiyva's grace]
 41097 | Vaults:2 | Gained mutation: You are partially covered in iridescent
                  | scales. (AC +2) [Jiyva's grace]
 41097 | Vaults:2 | Gained mutation: You are mostly covered in iridescent
                  | scales. (AC +4) [Jiyva's grace]
 41097 | Vaults:2 | Gained mutation: You are completely covered in iridescent
                  | scales. (AC +6) [Jiyva's grace]
 41327 | Vaults:2 | Slimified Norris
 41327 | Vaults:2 | Norris changed into Norris the azure jelly
 41327 | Vaults:2 | Noticed Norris
 41471 | Crypt:1  | Entered Level 1 of the Crypt
 41553 | Vaults:3 | Noticed Nikola
 41572 | Vaults:3 | Killed Nikola
 41932 | Vaults:3 | Identified the +6 hand axe of Generosity {protect, *Noise
                  | ^Drain rPois rC+++}
 42336 | Vaults:3 | Noticed Mennas
 42490 | Vaults:3 | Noticed Zenata
 42512 | Vaults:3 | Killed Zenata
 42587 | Vaults:3 | Identified the +0 plate armour of the Lotus Blossom {^Drain
                  | rN+ Int+5 Dex+4}
 42777 | Vaults:3 | Noticed Sojobo
 42892 | Vaults:3 | You fall into a shaft and drop 1 floor!
 42920 | Vaults:4 | Lost mutation: You have a pair of antennae on your head.
                  | [Jiyva's grace]
 42920 | Vaults:4 | Lost mutation: You are very agile. (Dex +8, Str/Int -2)
                  | [Jiyva's grace]
 42920 | Vaults:4 | Lost mutation: Your flesh is almost immune to the effects
                  | of heat. (rF+++) [Jiyva's grace]
 42920 | Vaults:4 | Lost mutation: You are highly strong-willed. (Will++)
                  | [Jiyva's grace]
 42920 | Vaults:4 | Lost mutation: You are strong-willed. (Will+) [Jiyva's
                  | grace]
 42920 | Vaults:4 | Gained mutation: Your body has grown eyes which may confuse
                  | attackers. (Acc +3) [Jiyva's grace]
 42920 | Vaults:4 | Gained mutation: Your body has grown many eyes which may
                  | confuse attackers. (Acc +5) [Jiyva's grace]
 42920 | Vaults:4 | Gained mutation: Your body is covered in eyes which may
                  | confuse attackers. (Acc +7, SInv) [Jiyva's grace]
 42920 | Vaults:4 | Gained mutation: You possess an exceptional clarity of
                  | mind. [Jiyva's grace]
 43379 | Vaults:4 | Found Fumnufet's Armour Shop.
 43540 | Vaults:4 | Reached skill level 21 in Unarmed Combat
 43630 | Vaults:4 | Identified the staff of a Million Seers {^Contam rElec rN+
                  | Dex+6 Necro Ice}
 44033 | Vaults:4 | Found Yxeruap's Antique Weapon Emporium.
 44039 | Vaults:4 | Found Wuugg's Weapon Emporium.
 44458 | Depths:4 | Noticed a golden dragon
 44474 | Depths:4 | Killed a golden dragon
 44478 | Depths:4 | Noticed Parghit
 44976 | Depths:4 | Found a hazy altar of Hepliaklqana.
 45150 | Depths:4 | Identified the +3 robe of Hepliaklqana, Healing {Fly rElec
                  | Str+2}
 45150 | Depths:4 | Noticed Boris
 45171 | Depths:4 | Killed Boris
 45186 | Depths:4 | HP: 1/173 [reaper/+5 scythe of venom[a doom hound] (11)]
 45191 | Depths:4 | HP: 10/259 [???[a doom hound] (7)]
 45193 | Depths:4 | Killed from afar by a Tzitzimitl

Illustrated notes

Levels and vault maps discovered:
D:1:      minmay_arrival_checkered_box, layout_basic,
          dreamdust_ecumenical_altar_sealed_demon, minmay_lizard_king
D:2:      layout_basic
D:3:      layout_loops_cross, gammafunk_ghost_nasty_kobolds
D:4:      layout_basic, zin_purify, hangedman_decor_lopped, uniq_ijyb
D:5:      layout_loops_corners, gammafunk_temple_overflow_elements,
          biasface_ghost_orc_armoury
D:6:      nicolae_BIG_FREAKIN_CUBE, layout_cave_pools, grunt_ministairs_5,
          minivault_26, chequers_serial_rivers_micro_c, nrook_pool_corridor,
          minivault_24
D:7:      layout_cave_pools, minmay_temple_entry_slanted, serial_shops,
          nicolae_book_shop_shelving, minmay_manual_mail
D:8:      layout_cave_pools, mainiacjoe_overflow_concentric_impassable,
          david_lair_generic, enter_bailey_3
D:9:      layout_roguey, orc_0_dummy, hangedman_abyss_or_decor_stabs
D:10:     layout_roguey, serial_shops, nicolae_take_the_stairs, uniq_lodul
D:11:     layout_basic, nicolae_trove_entry_crossroad, reono_crystal_passage,
          uniq_erolcha
D:12:     layout_basic
D:13:     layout_basic, david_vaults_5, gammafunk_ghost_arena
D:14:     layout_loops_ring, nicolae_the_louvre
D:15:     hangedman_depths_entry_try_elsewhere_first, layout_rooms,
          corexii_leaking_fountain, serial_ice, serial_ice_a, serial_ice_d,
          serial_ice_k, serial_ice_c, uniq_nessos, uniq_agnes, uniq_azrael
Temple:   compressed_dpeg_circular_temple
Lair:1:   layout_hall_layers, minmay_holes, amcnicky_mini_pool_medium,
          uniq_harold
Lair:2:   layout_gridlike, elwin_shoals_entry_rooms,
          nicolae_spider_entry_orb_guardian, gammafunk_ghost_icy,
          beast_lair_carwin_10
Lair:3:   layout_chaotic_city, nicolae_volcano_entry_vermiform
Lair:4:   layout_gridlike, lemuel_fruit_fields, serial_bayou_shore_a,
          grunt_megastairs_3, infiniplex_staircase_pool
Lair:5:   hangedman_lair_tendril_chambers, layout_cave_pods, wormcave,
          minmay_slime_entry_pillars, infiniplex_staircase_pool_2
Shoals:1: layout_shoals, nicolae_shoals_enchanted_isle
Shoals:2: layout_shoals, portal_ice_cave_entry_ice_simulacra,
          nicolae_shoals_water_shrine, uniq_ilsuiw, uniq_mlioglotl
Shoals:3: cheibrodos_shoals_epimethial_gifts, layout_shoals,
          nicolae_shoals_so_close, uniq_aizul, uniq_polyphemus
Shoals:4: shoals_end_hangedman, layout_shoals, uniq_roxanne
Spider:1: layout_chambers, uniq_donald
Spider:2: layout_chambers, hangedman_spider_tarantella_strand
Spider:3: layout_spider_delve, nicolae_spider_checkerboard
Spider:4: floodkiller_spider_rune_tomb, drop_trap
Slime:1:  layout_caves, basic_altar
Slime:2:  layout_caves
Slime:3:  layout_caves
Slime:4:  layout_caves, cheibrodos_slime_lost_civilization_5
Slime:5:  slime_pit_nicolae_amoeboid
Orc:1:    layout_diamond_mine, basic_altar, serial_shops, shop,
          blackcustard_rock_pile, uniq_maurice
Orc:2:    grunt_orc_gardens, layout_caves, grunt_orc_garden, grunt_orc_garden,
          grunt_orc_garden, grunt_orc_garden, serial_shops, shop,
          nicolae_orc_beogh_chapel, einodemon_barbed_minivault
Vaults:1: advil_vaults_ghost_lines, v_alt_pattern_5, vaults_room_semicircle,
          vaults_mumra_chevron, nicolae_vaults_what_the_h,
          nicolae_vaults_closet_pinwheel_2, vaults_dpeg_encased_lava, v_misc_32,
          nicolae_vaults_heist, nicolae_vaults_shelves_hall,
          nicolae_vaults_storage_room_water, vaults_mumra_minichess_inversion,
          nicolae_vaults_little_squares_2, nicolae_vaults_holding_cells,
          layout_vaults_big_cross, uniq_saint_roka
Vaults:2: nicolae_vaults_closet_pinwheel_4, hangedman_vaults_locks,
          vaults_room_large_hall, nicolae_vaults_closet_pinwheel_5,
          nicolae_vaults_gold_heap, nicolae_vaults_little_squares_5,
          nicolae_vaults_trapezoid_1, vaults_standard_mumra_x,
          layout_vaults_omnigrid, dummy_crypt_entry, uniq_norris
Vaults:3: nicolae_vaults_branching_niches, nicolae_vaults_ninety_degrees,
          v_alt_pattern_2, nicolae_vaults_mitosis, nicolae_vaults_tetromino_T_1,
          v_misc_23, vaults_dpeg_ring, nicolae_vaults_yaktaur_gun_rack,
          layout_vaults_chaotic_city, uniq_zenata, uniq_sojobo, uniq_nikola,
          uniq_mennas
Vaults:4: nicolae_vaults_little_squares_4, v_pattern_2, ontoclasm_vaults_eye,
          nicolae_vaults_network_barrier, nicolae_vaults_loss_of_containment,
          v_misc_18, nicolae_vaults_ellipses_ellipsis,
          nicolae_vaults_storage_closets_3, hangedman_vaults_corner_blocks,
          nicolae_vaults_hexular_roomagon, nicolae_vaults_hexular_roomagon,
          vaults_dpeg_diagonal, ontoclasm_vaults_decontamination,
          layout_vaults_maze_bifur, serial_shops, nicolae_shop_peninsula, shop,
          shop_statue
Crypt:1:  layout_gridlike, st_stairs_6, grunt_crypt_arrival_guarded_gate,
          uniq_margery, uniq_xtahua, uniq_bai_suzhen
Depths:1: layout_gridlike, hell_entry, nicolae_twisting_strands,
          kennysheep_generic_room_14
Depths:2: minmay_the_grid_octo_tiled_squarecenter
          [minmay_the_grid_octo_checkerflower, minmay_the_grid_octo_shrine,
          minmay_the_grid_octo_fat_diamond, minmay_the_grid_octo_fan_narrow,
          minmay_the_grid_square_5x5_megaprize_crossed,
          minmay_the_grid_square_5x5_six_small,
          minmay_the_grid_square_5x5_longway,
          minmay_the_grid_square_5x5_tri_point,
          minmay_the_grid_square_5x5_three], layout_cave_pools,
          enter_ziggurat_e, grunt_mini_vestibule,
          nicolae_kite_square_tiling_tiny, abyss_entry, grunt_pan_entry_sceptre
Depths:3: minmay_fractal_lines_corner, layout_cave_shapes, hell_entry,
          abyss_entry_crystal, grunt_ministairs_9, vehumet_crystals,
          nicolae_triple_integral, infiniplex_staircase_zigzag_3
Depths:4: grunt_twist_and_shout, layout_basic, pf_dread_powers_of_hell,
          nicolae_hepliaklqana_hippocampus, minmay_shop_grove, uniq_parghit,
          uniq_grunn, uniq_boris

Skill      XL: |  1  2  3  4  5  6  7  8  9 10 11 12 13 14 15 16 17 18 19 20 21 22 |
---------------+-------------------------------------------------------------------+-----
Invocations    | 1 2 3 4 5 6 7 8 9 10 11 12 13 14 15 16 17 | 17.2
Short Blades   | 1 2 3 5 6 7 8 9 10 11 12 13 14 15 | 15.9
Long Blades    | 1 2 3 5 6 7 8 9 10 11 12 13 14 15 | 15.9
Axes           | 1 2 3 5 6 7 8 9 10 11 12 13 14 15 | 15.9
Maces & Flails | 1 2 3 5 6 7 8 9 10 11 12 13 14 15 | 15.9
Staves         | 1 2 3 5 6 7 8 9 10 11 12 13 14 15 | 15.9
Ranged Weapons | 1 2 3 5 6 7 8 9 10 11 12 13 14 15 | 15.9
Throwing       | 1 2 3 5 6 7 8 9 10 11 12 13 14 15 | 15.9
Armour         | 1 2 3 5 6 7 8 9 10 11 12 13 14 15 | 15.9
Dodging        | 1 2 3 5 6 7 8 9 10 11 12 13 14 15 | 15.9
Stealth        | 1 2 3 5 6 7 8 9 10 11 12 13 14 15 | 15.9
Shields        | 1 2 3 5 6 7 8 9 10 11 12 13 14 15 | 15.9
Unarmed Combat | 1 2 3 5 7 8 10 11 13 14 15 16 17 18 19 20 21 | 21.3
Evocations     | 1 2 3 5 6 7 8 9 10 11 12 13 14 15 | 15.9
Shapeshifting  | 1 2 3 4 5 6 7 8 9 10 11 12 13 14 | 14.6
Spellcasting   | 3 4 5 6 7 8 9 10 11 12 13 14 15 16 | 16.1
Conjurations   | 1 2 3 4 5 6 7 8 9 10 11 12 13 | 13.5
Hexes          | 1 2 3 4 5 6 7 8 9 10 11 12 13 | 13.5
Summonings     | 1 2 3 4 5 6 7 8 9 10 11 12 13 | 13.5
Necromancy     | 1 2 3 4 5 6 7 8 9 10 11 12 13 | 13.5
Translocations | 1 2 3 4 5 6 7 8 9 10 11 12 13 | 13.5
Ice Magic      | 1 2 3 4 5 6 7 8 9 10 11 12 13 | 13.5
Air Magic      | 1 2 3 4 5 6 7 8 9 10 11 12 13 | 13.5
Earth Magic    | 1 2 3 4 5 6 7 8 9 10 11 12 13 | 13.5
Alchemy        | 1 2 3 4 5 6 7 8 9 10 11 12 13 | 13.5
Fighting       | 7 8 9 10 11 12 13 14 15 16 17 | 17.0
Polearms       | 7 8 9 10 11 12 13 14 15 16 17 | 17.0
Fire Magic     | 6 7 8 9 10 11 12 13 14 | 14.5

Action                     |  1- 3 |  4- 6 |  7- 9 | 10-12 | 13-15 | 16-18 | 19-21 | 22-24 || total
---------------------------+-------+-------+-------+-------+-------+-------+-------+-------++-------
  Melee: Spear             |   126 |   386 |   427 |       |       |       |       |       ||   939
         Bite              |     8 |    26 |    51 |    78 |   207 |   373 |   344 |    96 ||  1183
         Trident           |       |       |   108 |       |       |       |       |       ||   108
         Whip              |       |       |   107 |   687 |  1010 |  1267 |   648 |     9 ||  3728
         Eveningstar       |       |       |       |       |   784 |   917 |  1257 |   490 ||  3448
         Kick              |       |       |       |       |       |   574 |   158 |       ||   732
         Demon trident     |       |       |       |       |       |    12 |       |       ||    12
   Fire: Orcbow            |       |       |       |       |       |    70 |       |       ||    70
  Throw: Dart              |       |     1 |       |       |       |       |       |       ||     1
         Stone             |       |       |     4 |       |     9 |    38 |    43 |    20 ||   114
 Invoke: Fiery Armour      |       |     1 |     2 |     6 |       |       |       |       ||     9
         Oozemancy         |       |       |       |       |     1 |     6 |     4 |     1 ||    12
         Slimify           |       |       |       |       |       |       |     2 |     1 ||     3
  Evoke: Wand              |       |       |     1 |       |     5 |    23 |     6 |     3 ||    38
         Phantom mirror    |       |       |       |       |       |     1 |       |     1 ||     2
         Lightning rod     |       |       |       |       |       |     2 |       |     4 ||     6
    Use: Scroll            |       |       |     7 |     4 |    10 |    10 |     8 |     4 ||    43
         Potion            |       |       |       |       |     3 |     8 |     5 |     6 ||    22
   Stab: Sleeping          |     2 |       |       |       |     5 |     4 |    13 |     6 ||    30
         Distracted        |       |       |       |     1 |     1 |     2 |     1 |     2 ||     7
         Paralysed         |       |       |       |       |     1 |    15 |       |       ||    16
         Confused          |       |       |       |       |     6 |    79 |    17 |    18 ||   120
 Armour: Robe              |    44 |       |       |       |       |       |       |       ||    44
         Chain mail        |    21 |   291 |   514 |   784 |  1643 |  1622 |  1331 |   365 ||  6571
  Dodge: Dodged            |    40 |    90 |   186 |   315 |  1176 |  1733 |  1147 |   279 ||  4966
  Block: Buckler           |       |       |       |       |   215 |   740 |   571 |   150 ||  1676
         Form:             |       |       |       |       |       |       |       |     1 ||     1
         Statue            |       |       |       |       |       |       |       |     1 ||     1

Table legend: (Time is in decaauts)
 A = Elapsed time spent in this place.
 B = Non-inter-level travel time spent in this place.
 C = Inter-level travel time spent in this place.
 D = Time resting spent in this place.
 E = Time spent auto-exploring this place.
 F = Levels seen in this place.
 G = Mean time per level.
                   A        B        C        D        E       F      G
               +--------+--------+--------+--------+--------+-----+--------+
         Total |  43823 |  39173 |   4650 |   1334 |  23812 |  46 |  952.7 |
       Dungeon |  12942 |  11290 |   1652 |    340 |   7945 |  15 |  862.8 |
        Temple |     35 |     35 |      0 |     24 |      0 |   1 |   35.0 |
          Lair |   7800 |   6843 |    957 |    565 |   3659 |   5 | 1560.0 |
        Shoals |   4385 |   3934 |    451 |     30 |   1946 |   4 | 1096.2 |
   Spider Nest |   5330 |   4926 |    404 |    131 |   2646 |   4 | 1332.5 |
    Slime Pits |    737 |    594 |    143 |      0 |    522 |   5 |  147.4 |
  Orcish Mines |   1466 |   1396 |     70 |     51 |    789 |   2 |  733.0 |
        Vaults |   5845 |   5380 |    465 |     43 |   3574 |   4 | 1461.2 |
         Crypt |      1 |      1 |      0 |      0 |      0 |   1 |    1.0 |
        Depths |   4957 |   4452 |    505 |    150 |   2582 |   4 | 1239.2 |
        Bailey |    319 |    319 |      0 |      0 |    147 |   1 |  319.0 |
               +--------+--------+--------+--------+--------+-----+--------+

Top non-repeatable levels by time:
  Lair:5: 2162 daAuts
Depths:3: 1905 daAuts
  Lair:4: 1834 daAuts
Vaults:1: 1779 daAuts
Vaults:2: 1583 daAuts
  Lair:2: 1563 daAuts
Vaults:3: 1516 daAuts
Shoals:4: 1474 daAuts
Spider:2: 1463 daAuts
  Lair:3: 1390 daAuts
Spider:1: 1389 daAuts
Spider:4: 1383 daAuts
Depths:2: 1375 daAuts
     D:5: 1335 daAuts
Shoals:3: 1177 daAuts
